 Dungeon Crawl Stone Soup version 0.32-a0-576-g706899e69d (webtiles) character file.

Game seed: 6667802351117433976

7881 gimp the Thaumaturge (level 11, -7/54 HPs)
             Began as a Deep Elf Alchemist on Mar 1, 2024.
             Was an Initiate of Vehumet.
             Mangled by a hellwing (12 damage)
             ... summoned by a kobold demonologist
             ... on level 10 of the Dungeon.
             The game lasted 00:19:56 (9221 turns).

gimp the Thaumaturge (Deep Elf Alchemist)           Turns: 9221, Time: 00:19:56

Health: -7/54      AC: 10    Str:  5    XL:     11   Next: 2%
Magic:  10/28      EV: 11    Int: 25    God:    Vehumet [......]
Gold:   373        SH:  0    Dex: 15    Spells: 19/33 levels left

rFire   + . .        b - staff of conjuration
rCold   . . .        (no shield)
rNeg    . . .        n - +2 leather armour {rF+}
rPois   +            v - +0 helmet
rElec   .            G - +1 cloak
rCorr   .            k - +0 pair of gloves
SInv    .            F - +0 pair of boots
Will    ++...        l - amulet of magic regeneration
Stlth   ++           c - ring of willpower
HPRegen 0.29/turn    i - ring of poison resistance
MPRegen 0.61/turn

%: no passive effects
@: radiating poison, very slightly contaminated
A: no striking features
a: Renounce Religion


You were on level 10 of the Dungeon.
You worshipped Vehumet.
Vehumet was noncommittal.
You visited 2 branches of the dungeon, and saw 11 of its levels.

You collected 373 gold pieces.

Inventory:

Hand Weapons
 a - a +2 dagger of pain
 D - a +1 rapier of flaming
 J - a +1 whip of electrocution
Armour
 k - a +0 pair of gloves (worn)
 n - a +2 leather armour of fire resistance (worn)
 v - a +0 helmet (worn)
 F - a +0 pair of boots (worn)
 G - a +1 cloak (worn)
Magical Staves
 b - a staff of conjuration (weapon)
Jewellery
 c - a ring of willpower (left hand)
 i - a ring of poison resistance (right hand)
 l - an amulet of magic regeneration (around neck)
 E - an amulet of reflection
Wands
 e - a wand of paralysis (8)
 x - a wand of flame (31)
 A - a wand of warping (5)
 H - a wand of acid (6)
 I - a wand of mindburst (8)
Scrolls
 d - 2 scrolls of immolation {unknown}
 g - 2 scrolls of enchant armour {unknown}
 j - a scroll of fog {unknown}
 o - 4 scrolls of revelation {unknown}
 p - 2 scrolls of enchant weapon {unknown}
 r - 2 scrolls of torment {unknown}
 t - a scroll of butterflies
 y - a scroll of brand weapon {unknown}
 B - 2 scrolls of teleportation {unknown}
 K - a scroll of vulnerability {unknown}
Potions
 f - 3 potions of brilliance
 h - 2 potions of might
 m - 2 potions of curing
 q - 2 potions of ambrosia
 s - a potion of heal wounds
 u - a potion of magic
 w - 2 potions of invisibility {unknown}
 z - a potion of lignification {unknown}
 C - a potion of enlightenment {unknown}


   Skills:
 - Level 2.4 Dodging
 - Level 2.4 Stealth
 + Level 11.7 Spellcasting
 - Level 3.3 Conjurations
 + Level 8.9 Fire Magic
 + Level 8.9 Air Magic
 - Level 10.0 Alchemy


You had 19 spell levels left.
You knew the following spells:

 Your Spells              Type           Power      Damage    Failure   Level
a - Sting                 Conj/Alch      100%       1d9       1%          1
b - Mercury Vapours       Alch/Air       100%       N/A       1%          2
c - Mephitic Cloud        Conj/Alch/Air  67%        N/A       1%          3
d - Olgreb's Toxic Radia  Alch           59%        N/A       1%          4
e - Sticky Flame          Fire/Alch      58%        2d10      1%          4

Your spell library contained the following spells:

 Spells                   Type           Power      Damage    Failure   Level
 Ignite Poison            Fire/Alch      58%        N/A       1%          4
 Freeze                   Ice            56%        1d7       7%          1
 Hailstorm                Conj/Ice       34%        3d8       11%         3
 Vhi's Electric Charge    Tloc/Air       74%        N/A       11%         4
 Arcjolt                  Conj/Air       31%        1d41      16%         5
 Frozen Ramparts          Ice            28%        1d5       21%         3
 Plasma Beam              Fire/Air       28%        2x1d40    26%         6
 Ozocubu's Refrigeration  Ice            7%         4d9       100%        7
 Discord                  Hex            7%         N/A       100%        8
 Ignition                 Fire           28%        3d9       100%        8


Dungeon Overview and Level Annotations

Branches:
Dungeon (10/15)            Temple (1/1) D:4
   Lair: D:8-11         Orc: D:9-12

Altars:
Ashenzari
Cheibriados
Dithmenos
Elyvilon
Fedhas
Gozag
Hepliaklqana
Kikubaaqudgha
Makhleb
Nemelex Xobeh
Okawaru
Qazlal
Ru
Sif Muna
Trog
Uskayaw
Vehumet
Wu Jian
Xom
Yredelemnul
Zin
The Shining One

Shops:
D:3 *   D:4 =

Annotations:
D:3 1 runed translucent door, exclusion: door, Crazy Yiuf


Message History

The howler monkey howls!
The howler monkey is poisoned.
Your toxic aura wanes.
You feel very sick.
The kobold brigand throws a poisoned dart.
The poisoned dart hits you. Fannar hits you but does no damage.
Fannar freezes you!
You regained 11 hp, and now have 23/50 hp.
You feel better.
You kill Fannar!
Vehumet accepts your kill.
A howler monkey comes into view.
The howler monkey hoots and howls with incredible vigour!
The howler monkey moves out of view.
You have reached level 11!
You regained 13 hp, and now have 36/54 hp.
The kobold brigand throws a poisoned dart.
The poisoned dart hits you!
The kobold brigand throws a poisoned dart.
The poisoned dart closely misses you.
Things that are here:
a +3 flail of freezing; a +0 robe The howler monkey hoots and howls with incredible vigour!
You hear a bellow!
Casting: Olgreb's Toxic Radiance (dangerous; 1% risk of failure)
Confirm with . or Enter, or press ? or * to list all spells.
You begin to radiate toxic energy.
The kobold brigand is poisoned.
The howler monkey is poisoned.
The kobold brigand looks even sicker.
The howler monkey looks even sicker.
You now have 9/28 mp.
Casting: Olgreb's Toxic Radiance (dangerous; 1% risk of failure)
Confirm with . or Enter, or press ? or * to list all spells.
Your toxic radiance grows in intensity.
The kobold brigand looks even sicker.
The howler monkey looks even sicker.
The kobold brigand looks as sick as possible!
The howler monkey looks as sick as possible!
You kill the howler monkey!
Vehumet accepts your kill.
The kobold brigand throws a poisoned dart.
The poisoned dart hits you!
You now have 5/28 mp.
You kill the kobold brigand!
Vehumet accepts your kill.
You hear a splash. x2
Your toxic aura wanes.
A kobold demonologist comes into view. It is wielding a +0 dagger.
You regained 7 hp, and now have 49/54 hp.
You regained 15 mp, and now have 22/28 mp.
A kobold comes into view.
It is wielding a +0 whip and quivering poisoned darts.
Casting: Olgreb's Toxic Radiance (dangerous; 1% risk of failure)
Confirm with . or Enter, or press ? or * to list all spells.
You begin to radiate toxic energy.
The kobold demonologist shouts!
The kobold demonologist is poisoned.
You kill the kobold!
Vehumet accepts your kill.
You hear a splash. x2; You hear a shout! x2
A kobold brigand comes into view.
It is wielding a +0 club and quivering curare-tipped darts.
The kobold demonologist mumbles some strange words.
You now have 20/28 mp.
Casting: Olgreb's Toxic Radiance (dangerous; 1% risk of failure)
Confirm with . or Enter, or press ? or * to list all spells.
You miscast Olgreb's Toxic Radiance.
You are very lightly contaminated with residual magic.
Nothing appears to happen.
The kobold brigand is poisoned.
A kobold brigand comes into view.
It is wielding a +0 dagger and quivering poisoned darts.
You now have 16/28 mp.
Casting: Olgreb's Toxic Radiance (dangerous; 1% risk of failure)
Confirm with . or Enter, or press ? or * to list all spells.
Your toxic radiance grows in intensity.
The kobold demonologist looks even sicker.
The kobold brigand is poisoned.
The kobold demonologist looks even sicker.
You now have 13/28 mp.
Casting: Olgreb's Toxic Radiance (dangerous; 1% risk of failure)
Confirm with . or Enter, or press ? or * to list all spells.
Your toxic radiance grows in intensity.
The kobold brigand looks even sicker.
The kobold demonologist looks as sick as possible!
The kobold brigand looks even sicker.
The kobold demonologist casts a spell.
The hellwing swoops through the air toward you!
The hellwing hits you but does no damage.
The hellwing hits you.
You hear a shout!
You take 5 damage, and have 45/54 hp.
You now have 9/28 mp.
You closely miss the hellwing.
The sixfirhy is poisoned.
The kobold brigand looks even sicker.
The kobold brigand looks as sick as possible!
You kill the kobold brigand!
Vehumet accepts your kill.
The sixfirhy hits you but does no damage.
The sixfirhy hits you! The sixfirhy shocks you! The sixfirhy barely misses you.
A kobold comes into view. It is wielding a +0 short sword.
The sixfirhy hits you!
* * * LOW HITPOINT WARNING * * *
The sixfirhy shocks you!
* * * LOW HITPOINT WARNING * * *
The kobold demonologist mumbles some strange words.
The hellwing hits you!
You die...

####### #.# #.....# #.# ...#
#.....###.########.....
##[....'................
##......###.########..).
#.###.......###.##≈#####..
#.............#.#≈≈≈#...#####
######.#######.#.~~≈~#.).##...
#.....>.....4@3.KK.$.))..))...
#.#######....#.#3~≈~K#...##)).
#.....#.#.≈≈≈≈#...##...
#.....#.#.~≈≈≈#...##...
#.##.##.#.≈≈≈≈#...##...
#.##.#<.#.~≈≈≈#...##..|
.######.##)#..[.~≈≈≈#...K....
........†..†....~≈≈≈##..h....
#######...##...##~≈≈##....$..


You could see a hellwing (summoned), a kobold demonologist (extremely poisoned),
a sixfirhy (summoned, poisoned), a neqoxec (summoned), a kobold brigand (very
poisoned) and a kobold.

Vanquished Creatures
  Fannar (D:10)
  A two-headed ogre (D:8)
  Maurice (D:8)
  A komodo dragon (D:10)
  A troll (D:9)
  8 yaks
  A steam dragon (D:9)
  3 water moccasins
  3 orc warriors
  2 black bears (D:10)
  2 sky beasts
  2 centaurs
  A phantom (D:3)
  3 kobold brigands
  2 bullfrogs
  A scorpion (D:10)
  A gnoll sergeant (D:10)
  17 wights
  15 killer bees
  3 howler monkeys
  2 electric eels (D:10)
  4 jellies
  5 hounds
  7 orc priests
  A sleepcap (D:6)
  A gnoll bouda (D:4)
  2 iguanas
  14 orc wizards
  9 gnolls
  8 adders
  A shadow imp (D:7)
  A white imp (D:6)
  2 ufetubi (D:6)
  A dart slug (D:3)
  2 ribbon worms
  43 orcs
  9 endoplasms
  2 giant cockroaches
  7 goblins
  8 hobgoblins
  2 quokkas
  9 ball pythons
  10 bats
  4 frilled lizards
  18 kobolds
  4 rats
245 creatures vanquished.

Notes
Turn   | Place    | Note
-------+----------+-------------------------------------------
     0 | D:1      | gimp the Deep Elf Alchemist began the quest for the Orb.
     0 | D:1      | Reached XP level 1. HP: 10/10 MP: 6/6
   342 | D:1      | Reached XP level 2. HP: 10/15 MP: 4/8
   594 | D:1      | Learned a level 2 spell: Mercury Vapours
   859 | D:1      | Reached XP level 3. HP: 18/19 MP: 5/10
  1229 | D:1      | Learned a level 3 spell: Mephitic Cloud
  1407 | D:2      | Reached skill level 4 in Spellcasting
  1553 | D:2      | Found a faded altar of an unknown god.
  1672 | D:2      | Reached XP level 4. HP: 17/24 MP: 6/12
  2264 | D:3      | Found Zin's Purification Station.
  2288 | D:3      | Found a glowing silver altar of Zin.
  2533 | D:3      | Reached XP level 5. HP: 27/28 MP: 3/14
  2621 | D:3      | Found a runed translucent door.
  2622 | D:3      | Noticed Crazy Yiuf
  2750 | D:3      | Reached skill level 5 in Spellcasting
  3023 | D:3      | Learned a level 4 spell: Olgreb's Toxic Radiance
  3028 | D:3      | Learned a level 4 spell: Sticky Flame
  3512 | D:4      | Reached skill level 1 in Fire Magic
  3512 | D:4      | Reached skill level 1 in Air Magic
  3597 | D:4      | Found Laowemie's Jewellery Shop.
  3680 | D:4      | Found a staircase to the Ecumenical Temple.
  3696 | D:4      | Reached XP level 6. HP: 32/32 MP: 14/16
  3706 | D:4      | Reached skill level 5 in Alchemy
  3777 | Temple   | Entered the Ecumenical Temple
  3805 | D:4      | Found a white marble altar of Elyvilon.
  3920 | D:3      | HP: 1/32 [phantom (5)]
  4391 | D:5      | Entered Level 5 of the Dungeon
  4528 | D:5      | Reached skill level 6 in Spellcasting
  4560 | D:5      | Reached XP level 7. HP: 23/36 MP: 10/18
  5793 | D:6      | Reached skill level 7 in Spellcasting
  5793 | D:6      | Reached XP level 8. HP: 35/41 MP: 12/20
  6581 | D:7      | Found a broken altar of Ashenzari.
  6602 | D:7      | Reached skill level 8 in Spellcasting
  6602 | D:7      | Reached skill level 5 in Fire Magic
  6602 | D:7      | Reached skill level 5 in Air Magic
  6748 | D:7      | Reached XP level 9. HP: 45/45 MP: 16/23
  7204 | D:7      | Identified the +0 chain mail "Seecadgh" {Int-2 Dex+4
                  | Slay+5}
  7443 | D:8      | Reached skill level 9 in Spellcasting
  7468 | D:8      | Reached skill level 10 in Spellcasting
  7657 | D:8      | Reached XP level 10. HP: 50/50 MP: 11/26
  7691 | D:8      | Noticed a two-headed ogre
  7702 | D:8      | Killed a two-headed ogre
  7784 | D:8      | Identified the +1 leather armour of the Realm of Zot {rF+
                  | rC- MP+9 Int+3}
  7828 | D:8      | Noticed Maurice
  7837 | D:8      | Killed Maurice
  7950 | D:8      | Found a shadowy altar of Dithmenos.
  8025 | D:8      | Found a sacrificial altar of Ru.
  8749 | D:9      | Reached skill level 11 in Spellcasting
  8784 | D:9      | Found an opulent altar of Gozag.
  8786 | D:9      | Found a radiant altar of Vehumet.
  8798 | D:9      | Became a worshipper of Vehumet
  8923 | D:10     | Entered Level 10 of the Dungeon
  9078 | D:10     | Reached skill level 10 in Alchemy
  9149 | D:10     | Noticed Fannar
  9169 | D:10     | Killed Fannar
  9170 | D:10     | Reached XP level 11. HP: 36/54 MP: 2/28
  9221 | D:10     | Noticed a sixfirhy
  9221 | D:10     | Mangled by a hellwing

Illustrated notes

Levels and vault maps discovered:
D:1:      dpeg_arrival_morbid_curiosity, layout_loops_ring
D:2:      layout_loops_ring, ebering_ecumenical_altar_box
D:3:      layout_loops_ring, zin_purify, uniq_crazy_yiuf_cottage
D:4:      layout_loops_ring, elyvilon_altar_5, minmay_temple_entry_grid,
          serial_shops, nicolae_shop_statue_plus
D:5:      layout_basic
D:6:      layout_loops_corners
D:7:      layout_loops_ring, ashenzari_altar_1
D:8:      layout_cave_pools, hangedman_ru_absence,
          grunt_dithmenos_smoke_and_mirrors, patterned_corridor, uniq_maurice
D:9:      layout_basic, grunt_temple_overflow_open
D:10:     layout_basic, grunt_lair_entry_orc_guard_hut, uniq_fannar
Temple:   nicolae_temple_bog_church

Skill      XL: |  1  2  3  4  5  6  7  8  9 10 |
---------------+-------------------------------+-----
Conjurations   | 2 3 |  3.3
Spellcasting   | 4 5 6 7 8 10 11 | 11.7
Alchemy        | 4 5 6 7 8 10 | 10.0
Fire Magic     | 1 2 3 5 7 8 |  8.9
Air Magic      | 1 2 3 5 7 8 |  8.9
Dodging        | |  2.4
Stealth        | |  2.4

Action                     |  1- 3 |  4- 6 |  7- 9 | 10-12 || total
---------------------------+-------+-------+-------+-------++-------
  Melee: Dagger            |       |     3 |    10 |       ||    13
         Rapier            |       |     8 |       |       ||     8
         Staff             |       |       |     1 |     5 ||     6
   Cast: Sting             |    90 |   138 |    97 |    20 ||   345
         Mercury Vapours   |     1 |     4 |    10 |       ||    15
         Sticky Flame      |       |     2 |    23 |    16 ||    41
         Olgreb's Toxic Ra |       |       |    22 |    49 ||    71
         Mephitic Cloud    |       |       |     2 |     4 ||     6
    Use: Scroll            |       |     4 |     1 |       ||     5
         Potion            |       |     1 |     1 |     2 ||     4
   Stab: Sleeping          |       |       |     1 |       ||     1
 Armour: Robe              |    14 |    10 |       |       ||    24
         Leather armour    |       |    22 |    66 |    26 ||   114
  Dodge: Dodged            |    21 |    25 |    47 |    18 ||   111
         Form:             |     1 |       |       |       ||     1
         Beast             |     1 |       |       |       ||     1

Table legend: (Time is in decaauts)
 A = Elapsed time spent in this place.
 B = Non-inter-level travel time spent in this place.
 C = Inter-level travel time spent in this place.
 D = Time resting spent in this place.
 E = Time spent auto-exploring this place.
 F = Levels seen in this place.
 G = Mean time per level.
                   A        B        C        D        E       F      G
               +--------+--------+--------+--------+--------+-----+--------+
         Total |   9219 |   8884 |    335 |     19 |   7307 |  11 |  838.1 |
       Dungeon |   9215 |   8880 |    335 |     19 |   7307 |  10 |  921.5 |
        Temple |      3 |      3 |      0 |      0 |      0 |   1 |    3.0 |
               +--------+--------+--------+--------+--------+-----+--------+

Top non-repeatable levels by time:
     D:1: 1434 daAuts
     D:3: 1304 daAuts
     D:5: 1125 daAuts
     D:6: 962 daAuts
     D:7: 918 daAuts
     D:4: 836 daAuts
     D:2: 811 daAuts
     D:9: 806 daAuts
     D:8: 752 daAuts
    D:10: 263 daAuts
  Temple: 3 daAuts
